 Dungeon Crawl Stone Soup version 0.21-a0-331-gfb491b4 (webtiles) character file.

11 tilp the Firebug (level 2, 0/20 HPs)
             Began as a Hill Orc Fire Elementalist on Oct 2, 2017.
             Slain by an ooze (2 damage)
             ... on level 2 of the Dungeon.
             The game lasted 00:02:33 (796 turns).

tilp the Firebug (Hill Orc Fire Elementalist)        Turns: 796, Time: 00:02:34

Health: 0/20       AC:  2    Str: 10    XL:     2   Next: 29%
Magic:  1/4        EV: 12    Int: 15    God:
Gold:   71         SH:  0    Dex: 11    Spells: 1/4 levels left

rFire    . . .     SeeInvis .   h - -1 dagger (curse)
rCold    . . .     Gourm    .   (no shield)
rNeg     . . .     Faith    .   a - +0 robe
rPois    .         Spirit   .   (no helmet)
rElec    .         Reflect  .   (no cloak)
rCorr    .         Harm     .   (no gloves)
MR       .....                  (no boots)
Stlth    ++........             (no amulet)
HPRegen  0.06/turn              (no ring)
MPRegen  0.09/turn              (no ring)

@: no status effects
A: no striking features
a: no special abilities


You were on level 2 of the Dungeon.
You were not hungry.

You visited 1 branch of the dungeon, and saw 2 of its levels.

You collected 71 gold pieces.

Inventory:

Hand Weapons
 h - a cursed -1 dagger (weapon)
 l - a +0 mace
Missiles
 e - 16 sling bullets
Armour
 a - a +0 robe (worn)
Jewellery
 n - an uncursed ring of magical power {unknown}
Scrolls
 f - 4 scrolls of identify {unknown}
 g - 2 scrolls of magic mapping {unknown}
 i - a scroll of noise {unknown}
 k - 4 scrolls of fear {unknown}
 m - a scroll of blinking {unknown}
 o - a scroll of amnesia {unknown}
Books
 b - a book of Flames

   Spells                             Type                      Level
   a - Flame Tongue                   Conjuration/Fire             1
   b - Throw Flame                    Conjuration/Fire             2
   c - Conjure Flame                  Conjuration/Fire             3
   d - Inner Flame                    Hexes/Fire                   3
   e - Sticky Flame                   Conjuration/Fire             4
   f - Fireball                       Conjuration/Fire             5
Comestibles
 c - a bread ration
 d - a chunk of flesh
 j - 4 fruits
 p - a royal jelly


   Skills:
 - Level 1.5 Dodging
 - Level 1.5 Stealth
 + Level 1.8 Spellcasting
 + Level 1.4 Conjurations
 + Level 3.5 Fire Magic


You had one spell level left.
You knew the following spells:

 Your Spells              Type           Power        Failure   Level  Hunger
a - Flame Tongue          Conj/Fire      #....        9%          1    ##.....
b - Throw Flame           Conj/Fire      #.....       12%         2    ###....


Dungeon Overview and Level Annotations

Branches:
Dungeon (2/15)

Altars:


Message History

Aim: an ooze (moderately wounded)
The flame tongue hits the ooze.
The ooze is almost dead.
The ooze hits you.
* * * LOW HITPOINT WARNING * * *
Casting: Flame Tongue
Confirm with . or Enter, or press ? or * to list all spells.
Aiming: Flame Tongue
Press: ? - help, Shift-Dir - straight line, f/p - ooze
Aim: an ooze (almost dead)
The flame tongue hits the ooze.
The ooze is almost dead.
The ooze closely misses you.
Casting: Flame Tongue
Confirm with . or Enter, or press ? or * to list all spells.
Aiming: Flame Tongue
Press: ? - help, Shift-Dir - straight line, f/p - ooze
Aim: an ooze (almost dead)
The flame tongue misses the ooze.
The ooze hits you.
You die...

..# ... ##.## .#
##...######.#
....... ..#.# #...#
#.#.#
#..#######.#####.#.#
..........(...##.#.#
#######.J@....##.#.#
#............#
..........##.###
####.......##.#
#.......##.#
#.......##.#
##########.### #...#
###.#


You could see an ooze.

Vanquished Creatures
  2 giant cockroaches (D:1)
  4 goblins (D:1)
  2 bats (D:1)
  2 frilled lizards
  A rat (D:1)
11 creatures vanquished.

Notes
Turn   | Place    | Note
-------+----------+-------------------------------------------
     0 | D:1      | tilp the Hill Orc Fire Elementalist began the quest for the Orb.
     0 | D:1      | Reached XP level 1. HP: 14/14 MP: 3/3
   506 | D:1      | Reached XP level 2. HP: 20/20 MP: 2/4
   645 | D:1      | Learned a level 2 spell: Throw Flame
   796 | D:2      | Slain by an ooze

Vault maps used:
D:1:      wheals_arrival_shading, minmay_tetromino_t2
D:2:      uniq_robin

Action                   || total
-------------------------++-------
Melee: Dagger            ||    41
 Cast: Flame Tongue      ||    12
 Stab: Sleeping          ||     1
Armor: Robe              ||     3
Dodge: Dodged            ||    30

Table legend:
 A = Spawn XP
 B = Non-spawn XP
 C = Spawn XP percentage of total XP
 D = Spawn monster count
 E = Non-spawn monster count
 F = Spawn count percentage of total count
 G = Total turns spent on level
                    A         B        C        D         E        F      G
               +---------+---------+-------+---------+---------+-------+---------
         Total |       0 |      17 |   0.0 |       0 |      11 |   0.0 |   796
               +---------+---------+-------+---------+---------+-------+---------
           D:1 |       0 |      16 |   0.0 |       0 |      10 |   0.0 |   711
           D:2 |       0 |       1 |   0.0 |       0 |       1 |   0.0 |    85
               +---------+---------+-------+---------+---------+-------+---------
